AoeStats
← emilianot648

Black Forest

510620435Analyzed
4v4 RM · 2d ago on Oct 1, 2026· 48m 15s· 8 players
Game mode
Random Map
Map size
Large (8 player)
Population
200
Speed
Normal
Resources
Standard
Victory
Conquest
Starting age
Dark Age
Ending age
Imperial Age
RankedLock teamsTeams togetherTeam positionsShared explorationLock speedFull tech treeHidden civsTurbo modeCheats
Victory
Defeat
🇮🇳 Portuguese · India
1042
+16
🇯🇵 Danes · Japan
985
+18
🇩🇪 Vikings · Germany
958
+19
🇨🇱 Bohemians · Chile
950
+20
🇦🇷 Teutons · Argentina
1100
-21
🇦🇷 Tatars · Argentina
1044
-19
🇲🇽 Lithuanians · Mexico
1008
-17
🇨🇴 Persians · Colombia
976
-16
[GDL]Dunitrid
11:37 Loom
15:18 Feudal Age
19:04 Castle Age
18:49 Double-Bit Axe
18:46 Horse Collar
28:34 Wheelbarrow
27:47 Town Watch
28:05 Heavy Plow
28:16 Bow Saw
29:36 Hand Cart
34:51 Imperial Age
32:41 Scale Barding Armor
32:47 Forging
34:17 Chain Barding Armor
34:08 Fletching
34:54 Iron Casting
35:33 Bloodlines
35:23 Husbandry
34:44 Light Cavalry
40:30 Chemistry
39:40 Masonry
39:12 Treadmill Crane
39:43 Caravan
40:14 Coinage
42:28 Conscription
44:18 Plate Barding Armor
44:25 Bodkin Arrow
44:31 Padded Archer Armor
44:31 Scale Mail Armor
46:04 Architecture
46:10 Bracer
cj23cajoga
0:35 Loom
14:36 Feudal Age
16:27 Wheelbarrow
17:09 Town Watch
37:42 Castle Age
38:25 Husbandry
44:10 Forging
emilianot648
0:30 Loom
13:30 Feudal Age
16:36 Wheelbarrow
15:46 Town Watch
19:31 Castle Age
18:22 Horse Collar
18:46 Double-Bit Axe
25:30 Wheelbarrow
25:52 Bow Saw
28:21 Ironclad
28:58 Heavy Plow
34:36 Imperial Age
34:12 Padded Archer Armor
34:03 Fletching
33:52 Elite Skirmisher
34:52 Forging
34:43 Scale Mail Armor
35:40 Conscription
37:10 Ballistics
37:52 Chemistry
37:12 Ballistics
37:52 Leather Archer Armor
37:32 Bodkin Arrow
37:55 Chain Mail Armor
42:15 Ring Archer Armor
43:38 Plate Mail Armor
43:43 Iron Casting
45:38 Iron Casting
matias._torres_
9:07 Loom
11:36 Feudal Age
12:01 Horse Collar
12:09 Double-Bit Axe
12:16 Gold Mining
19:05 Castle Age
21:56 Town Watch
22:47 Wheelbarrow
23:57 Heavy Plow
24:35 Bloodlines
24:26 Husbandry
24:43 Scale Barding Armor
24:44 Husbandry
28:43 Chain Barding Armor
34:19 Imperial Age
32:24 Elite Skirmisher
32:25 Crossbowman
33:38 Bow Saw
34:09 Hand Cart
33:54 Town Patrol
35:35 Ballistics
35:27 Masonry
35:11 Fletching
35:22 Padded Archer Armor
36:45 Heavy Cavalry Archer
39:23 Chemistry
39:33 Conscription
40:05 Plate Barding Armor
40:06 Bodkin Arrow
41:59 Timurid Siegecraft
41:11 Onager
redbuzzards
1:22 Loom
14:06 Feudal Age
14:21 Man-at-Arms
15:25 Arson
17:12 Forging
19:54 Scale Mail Armor
23:39 Double-Bit Axe
23:40 Horse Collar
28:49 Castle Age
27:44 Fletching
27:57 Padded Archer Armor
29:10 Crossbowman
29:50 Bodkin Arrow
29:31 Long Swordsman
32:17 Bow Saw
37:26 Squires
36:47 Pikeman
37:36 Heavy Plow
39:08 Town Watch
39:33 Elite Skirmisher
45:48 Chieftains
47:21 Ballistics
48:01 Iron Casting
47:41 Chain Mail Armor
CL.CKrugger
11:01 Feudal Age
16:44 Castle Age
17:51 Wheelbarrow
19:30 Loom
21:19 Fletching
21:52 Bodkin Arrow
25:21 Pikeman
27:45 Forging
29:05 Scale Mail Armor
31:00 Horse Collar
36:33 Imperial Age
37:24 Chemistry
38:55 Murder Holes
39:20 Ballistics
39:36 Conscription
40:22 Hand Cart
41:42 Halberdier
45:28 Elite Hussite Wagon
46:50 Houfnice
LWwcnm
10:41 Feudal Age
11:45 Horse Collar
13:00 Loom
15:31 Double-Bit Axe
15:56 Gold Mining
18:16 Castle Age
17:50 Stone Mining
23:28 Bow Saw
24:54 Wheelbarrow
27:37 Hand Cart
28:39 Stone Shaft Mining
29:00 Heavy Plow
32:35 Imperial Age
30:27 Scale Mail Armor
31:27 Forging
30:40 Hamask
32:40 Town Watch
33:17 Ballistics
34:06 Gold Shaft Mining
33:01 Onager
34:28 Squires
33:50 Elite Varangian Guard
34:17 Arson
34:43 Pikeman
35:51 Chain Mail Armor
36:12 Iron Casting
37:39 Conscription
39:11 Plate Mail Armor
39:42 Blast Furnace
38:32 Siege Onager
39:21 Siege Engineers
38:42 Northmen's Fury
40:22 Halberdier
41:57 Caravan
44:56 Fletching
47:23 Chemistry
AztecKiller2427
1:09 Loom
17:23 Feudal Age
18:42 Double-Bit Axe
20:26 Horse Collar
25:06 Castle Age
26:27 Bow Saw
29:37 Imperial Age
31:22 Chemistry
30:31 Gold Mining
39:22 Heavy Plow
43:07 Wheelbarrow
44:51 Masonry
44:24 Treadmill Crane
45:39 Crop Rotation
46:12 Two-Man Saw
47:18 Conscription
48:27 Hand Cart
Connection lost

Rejoining the realm…

Still unreachable

The connection could not be restored.

Session expired

The server has moved on; the page needs a fresh start.